Sharks vs Bruins
Created - December 8, 2018 at 23:37
Goals
|
| Sharks |
1 |
0 |
2 |
3 |
| Bruins |
5 |
0 |
0 |
5 |
|
Shots
|
| Sharks |
12 |
10 |
10 |
32 |
| Bruins |
14 |
9 |
10 |
33 |
|
1st period
1. Bruins , Victor Oreskovich 8 (Tim Connolly 10) at 7:34 (PP)
2. Sharks , Milan Michalek 7 (Andrej Sekera 8, Maxim Afinogenov 7) at 8:01 (PP)
3. Bruins , Nikolai Zherdev 3 (Kris Chucko 5, Casey Cizikas 5) at 8:57
4. Bruins , Tim Connolly 6 (Justin Faulk 3) at 13:10
5. Bruins , Nathan Horton 12 (Wojtek Wolski 22, Henrik Sedin 21) at 14:04
6. Bruins , Nathan Horton 13 (Henrik Sedin 22, Jason Demers 10) at 18:53
Penalties :
Jordan LaVallee (SJS) for Roughing (Minor) at 7:27, Shane O'Brien (Bos) for Tripping (Minor) at 7:57, Victor Oreskovich (Bos) for High sticking (Minor) at 10:43, Matt Cooke (Bos) for Interference (Minor) at 19:34
2nd period
No Goal
Penalties :
Darren Helm (SJS) for Unsportsmanlike conduct (Minor) at 13:09
3rd period
7. Sharks , Oskar Osala 7 (Kevin Shattenkirk 19) at 5:35 (PP)
8. Sharks , Milan Michalek 8 (Kevin Shattenkirk 20, Jason Spezza 10) at 5:41
Penalties :
Matt Cooke (Bos) for Tripping (Minor) at 5:00, Rene Bourque (Bos) for Hooking (Minor) at 9:32
Goalie Stats
Brent Krahn (SJS), 20 saves from 21 shots - (0.952), 45:56 minutes
Tyler Weiman (SJS), 8 saves from 12 shots - (0.667), L, 6-8-4, 14:04 minutes
Kevin Poulin (Bos), 29 saves from 32 shots - (0.906), W, 7-10-2, 60:00 minutes
Players Stats for Sharks
Player Name G A P +/- PIM S H SB GA TA FO MP PP MP PK MP
------------------------------------------------------------------------------------
Adam Larsson 0 0 0 0 0 0 2 0 0 0 0/0 11:47 0:00 0:00
Andrej Sekera 0 1 1 -1 0 1 1 4 0 0 0/0 26:23 3:52 1:05
Bobby Butler 0 0 0 -3 0 0 2 0 0 0 0/1 12:47 0:09 0:00
Damien Brunner 0 0 0 -3 0 3 0 0 0 0 0/0 12:47 0:09 0:00
Darren Helm 0 0 0 0 2 0 0 0 0 1 1/4 8:43 0:00 0:00
David Rundblad 0 0 0 0 0 0 0 0 0 0 0/0 11:47 0:00 0:00
Jason Spezza 0 1 1 0 0 1 0 0 0 0 16/30 22:24 3:42 1:07
Jiri Tlusty 0 0 0 0 0 1 0 1 0 0 0/1 7:35 0:09 0:00
Jordan LaVallee 0 0 0 0 2 0 0 0 0 0 0/0 7:59 0:00 0:27
Kevin Shattenkirk 0 2 2 -1 0 6 0 1 1 0 0/0 26:48 3:52 1:05
Maxim Afinogenov 0 1 1 0 0 1 2 0 0 0 4/4 22:08 3:42 0:32
Maxim Kondratiev 0 0 0 -2 0 2 1 2 0 0 0/0 21:25 2:44 1:01
Milan Michalek 2 0 2 0 0 5 0 2 1 0 0/2 21:25 3:42 1:07
Nate Prosser 0 0 0 -2 0 5 2 0 0 1 0/0 21:25 2:44 1:01
Nick Palmieri 0 0 0 0 0 0 1 1 2 1 0/1 16:20 2:45 0:00
Oskar Osala 1 0 1 0 0 2 3 0 1 0 0/1 16:05 2:45 0:00
Rob Schremp 0 0 0 -3 0 3 0 0 0 0 3/8 12:52 0:00 0:27
T.J. Hensick 0 0 0 0 0 2 3 0 1 0 8/13 17:12 2:45 0:32
Players Stats for Bruins
Player Name G A P +/- PIM S H SB GA TA FO MP PP MP PK MP
------------------------------------------------------------------------------------
Andrew Alberts 0 0 0 2 0 0 1 1 0 0 0/0 19:15 0:56 2:49
Cam Fowler 0 0 0 2 0 0 2 1 0 1 0/0 19:15 0:56 2:49
Casey Cizikas 0 1 1 1 0 0 0 0 0 0 4/4 7:34 0:00 0:22
Dave Bolland 0 0 0 0 0 4 1 0 0 0 2/6 12:13 0:00 0:00
Henrik Sedin 0 2 2 1 0 2 1 2 0 0 17/32 22:19 1:10 3:54
Jason Demers 0 1 1 0 0 1 3 2 1 2 0/0 27:00 1:10 3:47
Justin Faulk 0 1 1 1 0 1 0 2 0 1 0/0 13:49 0:00 0:04
Kevin Bieksa 0 0 0 1 0 1 0 0 0 0 0/0 13:45 0:00 0:00
Kris Chucko 0 1 1 1 0 4 2 0 1 0 0/0 8:12 0:00 0:51
Matt Cooke 0 0 0 0 4 0 2 1 0 0 0/0 15:04 0:56 0:00
Nathan Horton 2 0 2 2 0 2 3 0 0 1 0/3 20:38 1:10 1:45
Nikolai Zherdev 1 0 1 1 0 5 0 0 0 0 0/0 7:12 0:00 0:00
Rene Bourque 0 0 0 0 2 3 0 0 0 0 0/0 13:05 0:00 0:46
Shane O'Brien 0 0 0 0 2 1 1 1 0 1 0/0 26:55 1:10 3:43
Tim Connolly 1 1 2 1 0 1 1 0 1 0 6/13 17:10 0:56 1:45
Victor Oreskovich 1 0 1 1 2 2 0 0 0 0 1/1 15:24 0:56 0:00
Viktor Stalberg 0 0 0 0 0 2 1 0 0 0 0/1 12:13 0:00 0:00
Wojtek Wolski 0 1 1 1 0 4 1 1 0 0 3/5 22:16 1:10 3:49
3 Stars
1 - Nathan Horton (Bos)
2 - Tim Connolly (Bos)
3 - Milan Michalek (SJS)
Power Play
Sharks - 2 on 5 Attempt(s) - 40.00%
Bruins - 1 on 2 Attempt(s) - 50.00%
Penalty Kill
Sharks - 1 on 2 Attempt(s) - 50.00%
- Score 0 goal in Penalty Kill
Bruins - 3 on 5 Attempt(s) - 60.00%
- Score 0 goal in Penalty Kill
Team Stat
Sharks - Hits : 17 - Faceoff Wins : 32 - Blocked Shots : 11 - Penalty Minutes : 4
Bruins - Hits : 19 - Faceoff Wins : 33 - Blocked Shots : 11 - Penalty Minutes : 10
Official
Referees : Unknown
Linesman : Unknown
Game Notes
Brent Krahn enters game at 14:04 of 1st period
Finance
Level 1 -- Attendance: 4055 (67.58%) -- Ticket Income $421,720
Level 2 -- Attendance: 3366 (67.32%) -- Ticket Income $215,424
Level 3 -- Attendance: 2000 (100.00%) -- Ticket Income $68,000
Level 4 -- Attendance: 4000 (100.00%) -- Ticket Income $96,000
Luxury Box -- Attendance: 633 (63.30%) -- Ticket Income $122,802
Game was played at the TD Banknorth Garden.
Total Attendance: 14054 (78.08%)
Total Ticket Income: $923,946
Other Income: $138,592
Total Income: $1,062,538
Sharks
5 vs 5 Forward
Center Left Wing Right Wing Time % Phy DF OF
1 Jason Spezza Milan Michalek Maxim Afinogenov 40 1 2 2
2 T.J. Hensick Oskar Osala Nick Palmieri 30 1 2 2
3 Rob Schremp Bobby Butler Damien Brunner 20 1 2 2
4 Darren Helm Jordan LaVallee Jiri Tlusty 10 1 2 2
5 vs 5 Defense
Defense Defense Time % Phy DF OF
1 Kevin Shattenkirk Andrej Sekera 40 1 2 2
2 Nate Prosser Maxim Kondratiev 30 1 2 2
3 Adam Larsson David Rundblad 20 1 2 2
4 Kevin Shattenkirk Andrej Sekera 10 1 2 2
PowerPlay Forward
Center Left Wing Right Wing Time % Phy DF OF
1 Jason Spezza Milan Michalek Maxim Afinogenov 60 1 2 2
2 T.J. Hensick Oskar Osala Nick Palmieri 40 1 2 2
PowerPlay Defense
Defense Defense Time % Phy DF OF
1 Kevin Shattenkirk Andrej Sekera 60 1 2 2
2 Nate Prosser Maxim Kondratiev 40 1 2 2
Penalty Kill 4 Players Forward
Center Wing Time % Phy DF OF
1 Jason Spezza Milan Michalek 60 1 4 0
2 Maxim Afinogenov T.J. Hensick 40 1 4 0
Penalty Kill 4 Players Defense
Defense Defense Time % Phy DF OF
1 Kevin Shattenkirk Andrej Sekera 60 1 4 0
2 Nate Prosser Maxim Kondratiev 40 1 4 0
Penalty Kill - 3 Players Forward
Forward Time % Phy DF OF
1 Jason Spezza 60 1 4 0
2 Milan Michalek 40 1 4 0
Penalty Kill - 3 Players Defense
Defense Defense Time % Phy DF OF
1 Kevin Shattenkirk Andrej Sekera 60 1 4 0
2 Nate Prosser Maxim Kondratiev 40 1 4 0
4 vs 4 Forward
Center Wing Time % Phy DF OF
1 Jason Spezza Milan Michalek 60 1 2 2
2 Maxim Afinogenov T.J. Hensick 40 1 2 2
4 vs 4 Defense
Defense Defense Time % Phy DF OF
1 Kevin Shattenkirk Andrej Sekera 60 1 2 2
2 Nate Prosser Maxim Kondratiev 40 1 2 2
Last Minutes Offensive
Center Left Wing Right Wing Defense Defense
Jason Spezza Milan Michalek Maxim Afinogenov Kevin Shattenkirk Andrej Sekera
Last Minutes Defensive
Center Left Wing Right Wing Defense Defense
Jason Spezza Milan Michalek Maxim Afinogenov Kevin Shattenkirk Andrej Sekera
Goaltenders
Starting : Tyler Weiman
Backup : Brent Krahn
Extra Forwards
Normal : Damien Brunner, Bobby Butler, Rob Schremp - PP : Damien Brunner, Bobby Butler - PK : Rob Schremp
Extra Defensemen
Normal : Adam Larsson, David Rundblad, Nate Prosser - PP : Adam Larsson - PK : David Rundblad, Nate Prosser
Penalty Shots
Jason Spezza, Milan Michalek, Maxim Afinogenov, T.J. Hensick, Nick Palmieri
Scratches
Mark Giordano (Healthy), Martin Erat (Healthy), Brendon Nash (Healthy)
Bruins
5 vs 5 Forward
Center Left Wing Right Wing Time % Phy DF OF
1 Henrik Sedin Wojtek Wolski Nathan Horton 40 1 2 2
2 Tim Connolly Matt Cooke Victor Oreskovich 30 1 2 2
3 Dave Bolland Viktor Stalberg Rene Bourque 20 1 2 2
4 Casey Cizikas Kris Chucko Nikolai Zherdev 10 1 2 2
5 vs 5 Defense
Defense Defense Time % Phy DF OF
1 Jason Demers Shane O'Brien 40 1 2 2
2 Andrew Alberts Cam Fowler 30 1 2 2
3 Kevin Bieksa Justin Faulk 20 1 2 2
4 Jason Demers Shane O'Brien 10 1 2 2
PowerPlay Forward
Center Left Wing Right Wing Time % Phy DF OF
1 Henrik Sedin Wojtek Wolski Nathan Horton 60 1 2 2
2 Tim Connolly Matt Cooke Victor Oreskovich 40 1 2 2
PowerPlay Defense
Defense Defense Time % Phy DF OF
1 Jason Demers Shane O'Brien 60 1 2 2
2 Andrew Alberts Cam Fowler 40 1 2 2
Penalty Kill 4 Players Forward
Center Wing Time % Phy DF OF
1 Wojtek Wolski Henrik Sedin 60 1 2 2
2 Tim Connolly Nathan Horton 40 1 2 2
Penalty Kill 4 Players Defense
Defense Defense Time % Phy DF OF
1 Jason Demers Shane O'Brien 60 1 2 2
2 Andrew Alberts Cam Fowler 40 1 2 2
Penalty Kill - 3 Players Forward
Forward Time % Phy DF OF
1 Wojtek Wolski 60 1 2 2
2 Henrik Sedin 40 1 2 2
Penalty Kill - 3 Players Defense
Defense Defense Time % Phy DF OF
1 Jason Demers Shane O'Brien 60 1 2 2
2 Andrew Alberts Cam Fowler 40 1 2 2
4 vs 4 Forward
Center Wing Time % Phy DF OF
1 Wojtek Wolski Henrik Sedin 60 1 2 2
2 Tim Connolly Nathan Horton 40 1 2 2
4 vs 4 Defense
Defense Defense Time % Phy DF OF
1 Jason Demers Shane O'Brien 60 1 2 2
2 Andrew Alberts Cam Fowler 40 1 2 2
Last Minutes Offensive
Center Left Wing Right Wing Defense Defense
Henrik Sedin Wojtek Wolski Nathan Horton Jason Demers Shane O'Brien
Last Minutes Defensive
Center Left Wing Right Wing Defense Defense
Henrik Sedin Wojtek Wolski Nathan Horton Jason Demers Shane O'Brien
Goaltenders
Starting : Kevin Poulin
Backup : Craig Anderson
Extra Forwards
Normal : Dave Bolland, Viktor Stalberg, Rene Bourque - PP : Dave Bolland, Viktor Stalberg - PK : Rene Bourque
Extra Defensemen
Normal : Kevin Bieksa, Justin Faulk, Andrew Alberts - PP : Kevin Bieksa - PK : Justin Faulk, Andrew Alberts
Penalty Shots
Wojtek Wolski, Henrik Sedin, Tim Connolly, Nathan Horton, Victor Oreskovich
Scratches
None
% Time on Ice - Sharks
Lines # - Real PCT - Wanted PCT - Time Play
Normal Forward
1 - 34% - 40% - 17:15
2 - 29% - 30% - 14:38
3 - 24% - 20% - 12:07
4 - 14% - 10% - 7:18
Normal Defense
1 - 39% - 40% - 19:49
2 - 34% - 30% - 17:40
3 - 23% - 20% - 11:47
4 - 4% - 10% - 2:02
PP Forward
1 - 58% - 60% - 3:51
2 - 42% - 40% - 2:45
PP Defense
1 - 59% - 60% - 3:52
2 - 41% - 40% - 2:44
PK Forward
1 - 75% - 60% - 1:34
2 - 25% - 40% - 0:32
PK Defense
1 - 52% - 60% - 1:05
2 - 48% - 40% - 1:01
PK3 Forward
1 - 0% - 60%
2 - 0% - 40%
PK3 Defense
1 - 0% - 60%
2 - 0% - 40%
44 Forward
1 - 0% - 60%
2 - 0% - 40%
44 Defense
1 - 0% - 60%
2 - 0% - 40%
Last Minute Offensive - 0:00
Last Minute Defensive - 0:00
Total
Forward - 60:00
Defense - 60:00
|
% Time on Ice - Bruins
Lines # - Real PCT - Wanted PCT - Time Play
Normal Forward
1 - 35% - 40% - 17:58
2 - 28% - 30% - 14:29
3 - 23% - 20% - 11:46
4 - 14% - 10% - 7:05
Normal Defense
1 - 39% - 40% - 19:47
2 - 30% - 30% - 15:30
3 - 27% - 20% - 13:45
4 - 4% - 10% - 2:16
PP Forward
1 - 56% - 60% - 1:10
2 - 44% - 40% - 0:56
PP Defense
1 - 56% - 60% - 1:10
2 - 44% - 40% - 0:56
PK Forward
1 - 73% - 60% - 4:51
2 - 27% - 40% - 1:45
PK Defense
1 - 57% - 60% - 3:47
2 - 43% - 40% - 2:49
PK3 Forward
1 - 0% - 60%
2 - 0% - 40%
PK3 Defense
1 - 0% - 60%
2 - 0% - 40%
44 Forward
1 - 0% - 60%
2 - 0% - 40%
44 Defense
1 - 0% - 60%
2 - 0% - 40%
Last Minute Offensive - 0:00
Last Minute Defensive - 0:00
Total
Forward - 60:00
Defense - 60:00
|
Play by Play
1st period
0:01 of 1st period - Jason Spezza wins face-off versus Henrik Sedin in neutral zone.
0:20 of 1st period - Kevin Shattenkirk is hit by Jason Demers and loses puck.
0:34 of 1st period - Off-side.
0:35 of 1st period - T.J. Hensick wins face-off versus Tim Connolly in neutral zone.
1:00 of 1st period - Viktor Stalberg is hit by Nate Prosser and loses puck.
1:27 of 1st period - Snap shot by Nikolai Zherdev.
1:27 of 1st period - Stopped by Tyler Weiman without a rebound.
1:28 of 1st period - Henrik Sedin wins face-off versus Jason Spezza in Sharks zone.
1:41 of 1st period - Wrist shot by Henrik Sedin.
1:41 of 1st period - Shot Misses the Net.
1:58 of 1st period - Rob Schremp is hit by Andrew Alberts and loses puck.
2:41 of 1st period - Wrist shot by Jason Spezza.
2:41 of 1st period - Shot Misses the Net.
2:45 of 1st period - Snap shot by Milan Michalek.
2:45 of 1st period - Deflect By Maxim Afinogenov.
2:45 of 1st period - Shot Misses the Net.
2:45 of 1st period - Puck is out of play.
2:46 of 1st period - Henrik Sedin wins face-off versus Milan Michalek in Bruins zone.
3:57 of 1st period - Wrist shot by Rene Bourque.
3:57 of 1st period - Stopped by Tyler Weiman with a rebound.
3:59 of 1st period - Slapshot by Kevin Bieksa.
3:59 of 1st period - Stopped by Tyler Weiman without a rebound.
4:00 of 1st period - Jason Spezza wins face-off versus Nathan Horton in Sharks zone.
4:00 of 1st period - Jason Spezza is hit by Nathan Horton.
4:10 of 1st period - Wrist shot by Maxim Afinogenov.
4:10 of 1st period - Shot Misses the Net.
4:26 of 1st period - Matt Cooke is hit by Oskar Osala and loses puck.
4:55 of 1st period - Damien Brunner is hit by Kris Chucko and loses puck.
5:11 of 1st period - Off-side.
5:12 of 1st period - Jason Spezza wins face-off versus Dave Bolland in neutral zone.
5:27 of 1st period - Slapshot by Dave Bolland.
5:27 of 1st period - Shot Blocked by Milan Michalek.
5:35 of 1st period - Snap shot by Viktor Stalberg.
5:35 of 1st period - Shot Blocked by Milan Michalek.
5:37 of 1st period - Snap shot by Rene Bourque.
5:37 of 1st period - Stopped by Tyler Weiman with a rebound.
5:39 of 1st period - Snap shot by Shane O'Brien.
5:39 of 1st period - Stopped by Tyler Weiman without a rebound.
5:40 of 1st period - Henrik Sedin wins face-off versus T.J. Hensick in Sharks zone.
6:18 of 1st period - Off-side.
6:19 of 1st period - Maxim Afinogenov wins face-off versus Henrik Sedin in neutral zone.
6:24 of 1st period - Snap shot by Maxim Afinogenov.
6:24 of 1st period - Shot Misses the Net.
6:26 of 1st period - Backhand shot by Kevin Shattenkirk.
6:26 of 1st period - Stopped by Kevin Poulin without a rebound.
6:27 of 1st period - Jason Spezza wins face-off versus Henrik Sedin in Bruins zone.
6:32 of 1st period - Snap shot by Jason Spezza.
6:32 of 1st period - Shot Misses the Net.
6:34 of 1st period - Slapshot by Jason Spezza.
6:34 of 1st period - Shot Blocked by Henrik Sedin.
6:36 of 1st period - Slapshot by Kevin Shattenkirk.
6:36 of 1st period - Shot Misses the Net.
6:38 of 1st period - Slapshot by Kevin Shattenkirk.
6:38 of 1st period - Shot Misses the Net.
6:40 of 1st period - Snap shot by Kevin Shattenkirk.
6:40 of 1st period - Stopped by Kevin Poulin without a rebound.
6:41 of 1st period - T.J. Hensick wins face-off versus Henrik Sedin in Bruins zone.
7:27 of 1st period - Minor Penalty to Jordan LaVallee for Roughing.
7:28 of 1st period - Victor Oreskovich wins face-off versus Jason Spezza in Sharks zone.
7:34 of 1st period - Snap shot by Victor Oreskovich.
7:34 of 1st period - Goal by Victor Oreskovich - Sharks : 0 - Bruins : 1.
7:35 of 1st period - Tim Connolly wins face-off versus Milan Michalek in neutral zone.
7:57 of 1st period - Minor Penalty to Shane O'Brien for Tripping.
7:58 of 1st period - Jason Spezza wins face-off versus Henrik Sedin in Bruins zone.
7:59 of 1st period - Snap shot by Maxim Afinogenov.
7:59 of 1st period - Shot Misses the Net.
8:01 of 1st period - Slapshot by Andrej Sekera.
8:01 of 1st period - Deflect By Milan Michalek.
8:01 of 1st period - Goal by Milan Michalek - Sharks : 1 - Bruins : 1.
8:02 of 1st period - T.J. Hensick wins face-off versus Tim Connolly in neutral zone.
8:05 of 1st period - Slapshot by Oskar Osala.
8:05 of 1st period - Shot Misses the Net.
8:39 of 1st period - Snap shot by Jason Spezza.
8:39 of 1st period - Shot Misses the Net.
8:51 of 1st period - Icing by Milan Michalek.
8:52 of 1st period - Casey Cizikas wins face-off versus Rob Schremp in Sharks zone.
8:57 of 1st period - Snap shot by Nikolai Zherdev.
8:57 of 1st period - Goal by Nikolai Zherdev - Sharks : 1 - Bruins : 2.
8:58 of 1st period - T.J. Hensick wins face-off versus Tim Connolly in neutral zone.
9:09 of 1st period - Victor Oreskovich is hit by T.J. Hensick and loses puck.
9:33 of 1st period - Backhand shot by Wojtek Wolski.
9:33 of 1st period - Stopped by Tyler Weiman without a rebound.
9:34 of 1st period - Rob Schremp wins face-off versus Henrik Sedin in Sharks zone.
9:45 of 1st period - Slapshot by Damien Brunner.
9:45 of 1st period - Stopped by Kevin Poulin without a rebound.
9:46 of 1st period - Jason Spezza wins face-off versus Viktor Stalberg in Bruins zone.
10:43 of 1st period - Minor Penalty to Victor Oreskovich for High sticking.
10:44 of 1st period - Henrik Sedin wins face-off versus Jason Spezza in Bruins zone.
12:43 of 1st period - Penalty to Victor Oreskovich is over, Victor Oreskovich is back on ice.
12:46 of 1st period - Shane O'Brien is hit by Bobby Butler and loses puck.
13:06 of 1st period - Slapshot by Tim Connolly.
13:06 of 1st period - Shot Misses the Net.
13:10 of 1st period - Snap shot by Tim Connolly.
13:10 of 1st period - Goal by Tim Connolly - Sharks : 1 - Bruins : 3.
13:11 of 1st period - Jason Spezza wins face-off versus Dave Bolland in neutral zone.
13:44 of 1st period - Backhand shot by Kris Chucko.
13:44 of 1st period - Stopped by Tyler Weiman with a rebound.
13:46 of 1st period - Slapshot by Jason Demers.
13:46 of 1st period - Stopped by Tyler Weiman with a rebound.
14:00 of 1st period - Snap shot by Henrik Sedin.
14:00 of 1st period - Shot Blocked by Maxim Kondratiev.
14:02 of 1st period - Snap shot by Wojtek Wolski.
14:02 of 1st period - Shot Misses the Net.
14:04 of 1st period - Slapshot by Nathan Horton.
14:04 of 1st period - Goal by Nathan Horton - Sharks : 1 - Bruins : 4.
14:04 of 1st period - Brent Krahn enters game.
14:05 of 1st period - Maxim Afinogenov wins face-off versus Henrik Sedin in neutral zone.
14:08 of 1st period - Snap shot by Milan Michalek.
14:08 of 1st period - Stopped by Kevin Poulin with a rebound.
14:32 of 1st period - Matt Cooke is hit by T.J. Hensick and loses puck.
14:37 of 1st period - Snap shot by Oskar Osala.
14:37 of 1st period - Stopped by Kevin Poulin without a rebound.
14:38 of 1st period - Henrik Sedin wins face-off versus Rob Schremp in Bruins zone.
14:51 of 1st period - Slapshot by Henrik Sedin.
14:51 of 1st period - Shot Misses the Net.
14:53 of 1st period - Wrist shot by Henrik Sedin.
14:53 of 1st period - Stopped by Brent Krahn with a rebound.
15:32 of 1st period - Snap shot by T.J. Hensick.
15:32 of 1st period - Stopped by Kevin Poulin without a rebound.
15:33 of 1st period - Maxim Afinogenov wins face-off versus Henrik Sedin in Bruins zone.
15:44 of 1st period - Snap shot by Milan Michalek.
15:44 of 1st period - Stopped by Kevin Poulin without a rebound.
15:45 of 1st period - Jason Spezza wins face-off versus Nathan Horton in Bruins zone.
15:52 of 1st period - Andrej Sekera is hit by Henrik Sedin and loses puck.
17:05 of 1st period - Snap shot by Rob Schremp.
17:05 of 1st period - Stopped by Kevin Poulin with a rebound.
17:10 of 1st period - Off-side.
17:11 of 1st period - Henrik Sedin wins face-off versus Jason Spezza in neutral zone.
17:54 of 1st period - Icing by Kris Chucko.
17:55 of 1st period - Rob Schremp wins face-off versus Dave Bolland in Bruins zone.
18:00 of 1st period - Wrist shot by Damien Brunner.
18:00 of 1st period - Stopped by Kevin Poulin without a rebound.
18:01 of 1st period - Dave Bolland wins face-off versus Rob Schremp in Bruins zone.
18:16 of 1st period - Snap shot by Rob Schremp.
18:16 of 1st period - Stopped by Kevin Poulin with a rebound.
18:18 of 1st period - Snap shot by Rob Schremp.
18:18 of 1st period - Shot Hit the Post.
18:20 of 1st period - Slapshot by Andrej Sekera.
18:20 of 1st period - Shot Blocked by Justin Faulk.
18:37 of 1st period - Slapshot by Kevin Shattenkirk.
18:37 of 1st period - Stopped by Kevin Poulin without a rebound.
18:38 of 1st period - Henrik Sedin wins face-off versus Jason Spezza in Bruins zone.
18:51 of 1st period - Snap shot by Henrik Sedin.
18:51 of 1st period - Shot Misses the Net.
18:53 of 1st period - Slapshot by Nathan Horton.
18:53 of 1st period - Goal by Nathan Horton - Sharks : 1 - Bruins : 5.
18:54 of 1st period - Jason Spezza wins face-off versus Wojtek Wolski in neutral zone.
19:34 of 1st period - Minor Penalty to Matt Cooke for Interference.
19:35 of 1st period - Wojtek Wolski wins face-off versus Jason Spezza in Bruins zone.
Goals for this period are 1 for Sharks vs 5 for Bruins.
Shots for this period are 12 for Sharks vs 14 for Bruins.
2nd period
0:01 of 2nd period - Wojtek Wolski wins face-off versus Jason Spezza in neutral zone.
0:32 of 2nd period - Nathan Horton is hit by Nick Palmieri and loses puck.
1:34 of 2nd period - Penalty to Matt Cooke is over, Matt Cooke is back on ice.
1:50 of 2nd period - Slapshot by Casey Cizikas.
1:50 of 2nd period - Shot Blocked by Andrej Sekera.
1:52 of 2nd period - Snap shot by Justin Faulk.
1:52 of 2nd period - Stopped by Brent Krahn without a rebound.
1:53 of 2nd period - Casey Cizikas wins face-off versus Darren Helm in Sharks zone.
2:00 of 2nd period - Slapshot by Kris Chucko.
2:00 of 2nd period - Deflect By Jordan LaVallee.
2:00 of 2nd period - Stopped by Brent Krahn with a rebound.
2:11 of 2nd period - Snap shot by Kris Chucko.
2:11 of 2nd period - Shot Blocked by Jiri Tlusty.
2:13 of 2nd period - Wrist shot by Casey Cizikas.
2:13 of 2nd period - Shot Misses the Net.
2:25 of 2nd period - Wrist shot by Nikolai Zherdev.
2:25 of 2nd period - Stopped by Brent Krahn with a rebound.
2:47 of 2nd period - Snap shot by Kris Chucko.
2:47 of 2nd period - Stopped by Brent Krahn without a rebound.
2:48 of 2nd period - Jason Spezza wins face-off versus Henrik Sedin in Sharks zone.
2:55 of 2nd period - Snap shot by Jason Spezza.
2:55 of 2nd period - Stopped by Kevin Poulin with a rebound.
2:57 of 2nd period - Wrist shot by Jason Spezza.
2:57 of 2nd period - Shot Misses the Net.
3:01 of 2nd period - Snap shot by Maxim Afinogenov.
3:01 of 2nd period - Stopped by Kevin Poulin with a rebound.
3:03 of 2nd period - Slapshot by Maxim Afinogenov.
3:03 of 2nd period - Deflect By Henrik Sedin.
3:03 of 2nd period - Shot Misses the Net.
3:03 of 2nd period - Puck is out of play.
3:04 of 2nd period - Tim Connolly wins face-off versus T.J. Hensick in Bruins zone.
3:26 of 2nd period - Icing by T.J. Hensick.
3:27 of 2nd period - T.J. Hensick wins face-off versus Henrik Sedin in Sharks zone.
3:36 of 2nd period - Wrist shot by Wojtek Wolski.
3:36 of 2nd period - Stopped by Brent Krahn without a rebound.
3:37 of 2nd period - Jason Spezza wins face-off versus Henrik Sedin in Sharks zone.
3:52 of 2nd period - Shane O'Brien is hit by Maxim Afinogenov and loses puck.
4:03 of 2nd period - Wojtek Wolski is hit by Maxim Kondratiev and loses puck.
4:08 of 2nd period - Slapshot by Kevin Shattenkirk.
4:08 of 2nd period - Stopped by Kevin Poulin without a rebound.
4:09 of 2nd period - T.J. Hensick wins face-off versus Tim Connolly in Bruins zone.
4:20 of 2nd period - Tim Connolly is hit by Oskar Osala and loses puck.
4:47 of 2nd period - Slapshot by Viktor Stalberg.
4:47 of 2nd period - Stopped by Brent Krahn with a rebound.
5:42 of 2nd period - Slapshot by Tim Connolly.
5:42 of 2nd period - Shot Blocked by Nick Palmieri.
6:10 of 2nd period - Snap shot by Viktor Stalberg.
6:10 of 2nd period - Stopped by Brent Krahn with a rebound.
7:43 of 2nd period - Kevin Shattenkirk is hit by Tim Connolly.
8:00 of 2nd period - Snap shot by Bobby Butler.
8:00 of 2nd period - Shot Blocked by Henrik Sedin.
8:02 of 2nd period - Snap shot by Rob Schremp.
8:02 of 2nd period - Stopped by Kevin Poulin without a rebound.
8:03 of 2nd period - T.J. Hensick wins face-off versus Dave Bolland in Bruins zone.
8:04 of 2nd period - Wrist shot by Nick Palmieri.
8:04 of 2nd period - Shot Blocked by Jason Demers.
8:06 of 2nd period - Snap shot by Maxim Kondratiev.
8:06 of 2nd period - Stopped by Kevin Poulin with a rebound.
8:08 of 2nd period - Slapshot by Nate Prosser.
8:08 of 2nd period - Stopped by Kevin Poulin with a rebound.
8:10 of 2nd period - Backhand shot by Nate Prosser.
8:10 of 2nd period - Deflect By Rene Bourque.
8:10 of 2nd period - Stopped by Kevin Poulin with a rebound.
8:28 of 2nd period - Damien Brunner is hit by Nathan Horton.
8:32 of 2nd period - Damien Brunner is hit by Cam Fowler and loses puck.
8:41 of 2nd period - Wrist shot by Nathan Horton.
8:41 of 2nd period - Shot Misses the Net.
8:52 of 2nd period - Icing by Nate Prosser.
8:53 of 2nd period - Darren Helm wins face-off versus Tim Connolly in Sharks zone.
8:53 of 2nd period - Darren Helm is hit by Matt Cooke.
9:13 of 2nd period - Jordan LaVallee is hit by Cam Fowler and loses puck.
9:22 of 2nd period - Snap shot by Nate Prosser.
9:22 of 2nd period - Stopped by Kevin Poulin with a rebound.
9:24 of 2nd period - Slapshot by Nate Prosser.
9:24 of 2nd period - Stopped by Kevin Poulin without a rebound.
9:25 of 2nd period - Maxim Afinogenov wins face-off versus Henrik Sedin in Bruins zone.
10:01 of 2nd period - Slapshot by Rene Bourque.
10:01 of 2nd period - Stopped by Brent Krahn with a rebound.
10:15 of 2nd period - Slapshot by Jiri Tlusty.
10:15 of 2nd period - Deflect By Andrew Alberts.
10:15 of 2nd period - Shot Misses the Net.
10:15 of 2nd period - Puck is out of play.
10:16 of 2nd period - Henrik Sedin wins face-off versus Darren Helm in Bruins zone.
10:32 of 2nd period - Snap shot by Wojtek Wolski.
10:32 of 2nd period - Stopped by Brent Krahn without a rebound.
10:33 of 2nd period - Tim Connolly wins face-off versus Jason Spezza in Sharks zone.
10:58 of 2nd period - Nick Palmieri is hit by Jason Demers and loses puck.
11:27 of 2nd period - Kevin Shattenkirk is hit by Wojtek Wolski and loses puck.
12:02 of 2nd period - Slapshot by Kevin Shattenkirk.
12:02 of 2nd period - Shot Blocked by Justin Faulk.
12:04 of 2nd period - Snap shot by Jason Spezza.
12:04 of 2nd period - Shot Misses the Net.
13:07 of 2nd period - Slapshot by Kevin Bieksa.
13:07 of 2nd period - Shot Misses the Net.
13:09 of 2nd period - Minor Penalty to Darren Helm for Unsportsmanlike conduct.
13:10 of 2nd period - Henrik Sedin wins face-off versus Jason Spezza in Sharks zone.
14:12 of 2nd period - Andrew Alberts is hit by Andrej Sekera and loses puck.
15:07 of 2nd period - Nathan Horton is hit by T.J. Hensick and loses puck.
15:09 of 2nd period - Penalty to Darren Helm is over, Darren Helm is back on ice.
15:48 of 2nd period - Wrist shot by T.J. Hensick.
15:48 of 2nd period - Shot Misses the Net.
15:50 of 2nd period - Wrist shot by T.J. Hensick.
15:50 of 2nd period - Stopped by Kevin Poulin with a rebound.
15:58 of 2nd period - Wrist shot by Henrik Sedin.
15:58 of 2nd period - Shot Misses the Net.
16:02 of 2nd period - Slapshot by Wojtek Wolski.
16:02 of 2nd period - Shot Misses the Net.
16:19 of 2nd period - T.J. Hensick is hit by Nathan Horton and loses puck.
16:24 of 2nd period - Snap shot by Wojtek Wolski.
16:24 of 2nd period - Shot Misses the Net.
16:26 of 2nd period - Slapshot by Cam Fowler.
16:26 of 2nd period - Deflect By Wojtek Wolski.
16:26 of 2nd period - Shot Misses the Net.
16:26 of 2nd period - Puck is out of play.
16:27 of 2nd period - Rob Schremp wins face-off versus Tim Connolly in Sharks zone.
16:42 of 2nd period - Slapshot by Kevin Shattenkirk.
16:42 of 2nd period - Shot Misses the Net.
17:59 of 2nd period - Snap shot by Casey Cizikas.
17:59 of 2nd period - Shot Blocked by Andrej Sekera.
18:14 of 2nd period - Icing by Matt Cooke.
18:15 of 2nd period - Dave Bolland wins face-off versus Darren Helm in Bruins zone.
18:20 of 2nd period - Maxim Kondratiev is hit by Dave Bolland and loses puck.
18:53 of 2nd period - Wrist shot by Damien Brunner.
18:53 of 2nd period - Shot Blocked by Jason Demers.
19:47 of 2nd period - Wrist shot by Tim Connolly.
19:47 of 2nd period - Shot Blocked by Maxim Kondratiev.
Goals for this period are 0 for Sharks vs 0 for Bruins.
Shots for this period are 10 for Sharks vs 9 for Bruins.
3rd period
0:01 of 3rd period - Jason Spezza wins face-off versus Henrik Sedin in neutral zone.
0:33 of 3rd period - Snap shot by T.J. Hensick.
0:33 of 3rd period - Shot Blocked by Shane O'Brien.
0:35 of 3rd period - Snap shot by Nick Palmieri.
0:35 of 3rd period - Shot Misses the Net.
0:37 of 3rd period - Wrist shot by Andrej Sekera.
0:37 of 3rd period - Stopped by Kevin Poulin with a rebound.
1:08 of 3rd period - Wrist shot by Nikolai Zherdev.
1:08 of 3rd period - Stopped by Brent Krahn with a rebound.
1:10 of 3rd period - Wrist shot by Kris Chucko.
1:10 of 3rd period - Stopped by Brent Krahn without a rebound.
1:11 of 3rd period - Casey Cizikas wins face-off versus Jason Spezza in Sharks zone.
1:28 of 3rd period - Slapshot by Casey Cizikas.
1:28 of 3rd period - Shot Misses the Net.
1:30 of 3rd period - Snap shot by Nikolai Zherdev.
1:30 of 3rd period - Stopped by Brent Krahn without a rebound.
1:31 of 3rd period - Henrik Sedin wins face-off versus T.J. Hensick in Sharks zone.
1:32 of 3rd period - Wrist shot by Wojtek Wolski.
1:32 of 3rd period - Shot Blocked by Andrej Sekera.
1:42 of 3rd period - Snap shot by Nick Palmieri.
1:42 of 3rd period - Shot Misses the Net.
1:58 of 3rd period - Jason Spezza is hit by Matt Cooke and loses puck.
2:11 of 3rd period - Slapshot by Tim Connolly.
2:11 of 3rd period - Shot Blocked by Kevin Shattenkirk.
2:31 of 3rd period - Wrist shot by Nikolai Zherdev.
2:31 of 3rd period - Shot Blocked by Andrej Sekera.
2:33 of 3rd period - Slapshot by Cam Fowler.
2:33 of 3rd period - Shot Hit the Post.
2:52 of 3rd period - Slapshot by Dave Bolland.
2:52 of 3rd period - Stopped by Brent Krahn without a rebound.
2:53 of 3rd period - Henrik Sedin wins face-off versus T.J. Hensick in Sharks zone.
2:57 of 3rd period - Icing by Oskar Osala.
2:58 of 3rd period - Henrik Sedin wins face-off versus T.J. Hensick in Sharks zone.
3:01 of 3rd period - Snap shot by Henrik Sedin.
3:01 of 3rd period - Stopped by Brent Krahn without a rebound.
3:02 of 3rd period - T.J. Hensick wins face-off versus Nathan Horton in Sharks zone.
3:28 of 3rd period - Snap shot by T.J. Hensick.
3:28 of 3rd period - Shot Misses the Net.
3:30 of 3rd period - Slapshot by Maxim Kondratiev.
3:30 of 3rd period - Stopped by Kevin Poulin without a rebound.
3:31 of 3rd period - Tim Connolly wins face-off versus Jason Spezza in Bruins zone.
3:42 of 3rd period - Snap shot by Milan Michalek.
3:42 of 3rd period - Stopped by Kevin Poulin with a rebound.
3:44 of 3rd period - Wrist shot by Jason Spezza.
3:44 of 3rd period - Shot Blocked by Matt Cooke.
4:47 of 3rd period - Jordan LaVallee is hit by Shane O'Brien.
5:00 of 3rd period - Minor Penalty to Matt Cooke for Tripping.
5:01 of 3rd period - Jason Spezza wins face-off versus Wojtek Wolski in Bruins zone.
5:35 of 3rd period - Slapshot by Oskar Osala.
5:35 of 3rd period - Goal by Oskar Osala - Sharks : 2 - Bruins : 5.
5:36 of 3rd period - Jason Spezza wins face-off versus Henrik Sedin in neutral zone.
5:39 of 3rd period - Slapshot by Kevin Shattenkirk.
5:39 of 3rd period - Shot Blocked by Wojtek Wolski.
5:41 of 3rd period - Wrist shot by Milan Michalek.
5:41 of 3rd period - Goal by Milan Michalek - Sharks : 3 - Bruins : 5.
5:42 of 3rd period - Jason Spezza wins face-off versus Henrik Sedin in neutral zone.
5:56 of 3rd period - Snap shot by Kevin Shattenkirk.
5:56 of 3rd period - Deflect By Nathan Horton.
5:56 of 3rd period - Stopped by Kevin Poulin with a rebound.
6:08 of 3rd period - Wojtek Wolski is hit by Bobby Butler and loses puck.
6:59 of 3rd period - Snap shot by Dave Bolland.
6:59 of 3rd period - Stopped by Brent Krahn with a rebound.
7:01 of 3rd period - Wrist shot by Dave Bolland.
7:01 of 3rd period - Stopped by Brent Krahn without a rebound.
7:02 of 3rd period - Jason Spezza wins face-off versus Tim Connolly in Sharks zone.
7:02 of 3rd period - Jason Spezza is hit by Jason Demers.
7:12 of 3rd period - Matt Cooke is hit by Adam Larsson and loses puck.
7:46 of 3rd period - Off-side.
7:47 of 3rd period - Casey Cizikas wins face-off versus Rob Schremp in neutral zone.
8:43 of 3rd period - Slapshot by Kevin Shattenkirk.
8:43 of 3rd period - Stopped by Kevin Poulin without a rebound.
8:44 of 3rd period - Henrik Sedin wins face-off versus Jiri Tlusty in Bruins zone.
9:21 of 3rd period - Snap shot by Victor Oreskovich.
9:21 of 3rd period - Stopped by Brent Krahn with a rebound.
9:32 of 3rd period - Minor Penalty to Rene Bourque for Hooking.
9:33 of 3rd period - Wojtek Wolski wins face-off versus Jason Spezza in Bruins zone.
9:58 of 3rd period - Shane O'Brien is hit by Oskar Osala and loses puck.
10:43 of 3rd period - Kris Chucko is hit by Maxim Afinogenov and loses puck.
10:54 of 3rd period - Andrej Sekera is hit by Kris Chucko and loses puck.
11:32 of 3rd period - Penalty to Rene Bourque is over, Rene Bourque is back on ice.
11:44 of 3rd period - Icing by Nate Prosser.
11:45 of 3rd period - Tim Connolly wins face-off versus Rob Schremp in Sharks zone.
11:52 of 3rd period - Snap shot by Tim Connolly.
11:52 of 3rd period - Shot Misses the Net.
12:30 of 3rd period - Wrist shot by Damien Brunner.
12:30 of 3rd period - Stopped by Kevin Poulin with a rebound.
12:32 of 3rd period - Wrist shot by Rob Schremp.
12:32 of 3rd period - Shot Misses the Net.
12:56 of 3rd period - Rob Schremp is hit by Viktor Stalberg and loses puck.
13:05 of 3rd period - Snap shot by Nate Prosser.
13:05 of 3rd period - Stopped by Kevin Poulin without a rebound.
13:06 of 3rd period - Henrik Sedin wins face-off versus Jason Spezza in Bruins zone.
13:13 of 3rd period - Slapshot by Wojtek Wolski.
13:13 of 3rd period - Stopped by Brent Krahn without a rebound.
13:14 of 3rd period - Henrik Sedin wins face-off versus Jason Spezza in Sharks zone.
13:38 of 3rd period - Off-side.
13:39 of 3rd period - Tim Connolly wins face-off versus Nick Palmieri in neutral zone.
13:50 of 3rd period - Wrist shot by Tim Connolly.
13:50 of 3rd period - Shot Misses the Net.
14:16 of 3rd period - Slapshot by Jordan LaVallee.
14:16 of 3rd period - Shot Misses the Net.
15:00 of 3rd period - Icing by Nick Palmieri.
15:01 of 3rd period - Henrik Sedin wins face-off versus Oskar Osala in Sharks zone.
16:35 of 3rd period - Snap shot by Kevin Shattenkirk.
16:35 of 3rd period - Shot Blocked by Andrew Alberts.
16:37 of 3rd period - Snap shot by Andrej Sekera.
16:37 of 3rd period - Shot Blocked by Cam Fowler.
16:58 of 3rd period - Slapshot by Dave Bolland.
16:58 of 3rd period - Stopped by Brent Krahn without a rebound.
16:59 of 3rd period - Henrik Sedin wins face-off versus Bobby Butler in Sharks zone.
18:15 of 3rd period - Snap shot by Jiri Tlusty.
18:15 of 3rd period - Stopped by Kevin Poulin with a rebound.
18:57 of 3rd period - Nathan Horton is hit by Nate Prosser and loses puck.
19:20 of 3rd period - Andrew Alberts is hit by Adam Larsson and loses puck.
Goals for this period are 2 for Sharks vs 0 for Bruins.
Shots for this period are 10 for Sharks vs 10 for Bruins.
Back to the Top